 Dungeon Crawl Stone Soup version 0.20-a0-449-g96be121 (webtiles) character file.

140 Goblin1989 the Skirmisher (level 5, 42/42 HPs)
             Began as a Barachian Fighter on Jan 8, 2017.
             Was a Follower of Vehumet.
             Quit the game on level 2 of the Dungeon.
             The game lasted 00:03:49 (1344 turns).

Goblin1989 the Skirmisher (Barachian Fighter)       Turns: 1344, Time: 00:03:50

Health: 42/42      AC: 10    Str: 15    XL:     5   Next: 23%
Magic:  5/5        EV:  6    Int:  7    God:    Vehumet [*.....]
Gold:   25         SH:  8    Dex: 10    Spells: 4/4 levels left

rFire  . . .     SeeInvis .     a - +0 flail
rCold  . . .     Gourm    .     b - +0 scale mail
rNeg   . . .     Faith    .     c - +0 shield
rPois  .         Spirit   .     i - +0 helmet
rElec  .         Reflect  .     r - +0 cloak (curse)
rCorr  .         Harm     .     n - +0 pair of gloves
MR     .....                    (no boots)
Stlth  ..........               (no amulet)
                                (no ring)
                                (no ring)

@: slow
A: swims, slowness 1, strong legs 1
a: Hop, Renounce Religion


You were on level 2 of the Dungeon.
You worshipped Vehumet.
Vehumet was aware of your devotion.
You were not hungry.

You visited 1 branch of the dungeon, and saw 2 of its levels.

You collected 25 gold pieces.

Inventory:

Hand Weapons
 a - a +0 flail (weapon)
Armour
 b - a +0 scale mail (worn)
 c - a +0 shield (worn)
 i - a +0 helmet (worn)
 n - a +0 pair of gloves (worn)
 r - a cursed +0 cloak (worn)
Jewellery
 l - an uncursed amulet of harm {unknown}
Wands
 P - a wand of paralysis (12/24)
Scrolls
 e - a scroll of identify {unknown}
 j - a scroll of teleportation {unknown}
 m - a scroll of random uselessness {unknown}
 p - a scroll of amnesia {unknown}
 q - a scroll of blinking {unknown}
Potions
 d - 2 potions of might
 g - a potion of ambrosia {unknown}
Comestibles
 f - a bread ration {@e1}
 h - 2 beef jerkies
 k - 2 meat rations {@e2}
 o - 4 chunks of flesh {@w0}


   Skills:
 - Level 4.2 Fighting
 + Level 3.3 Maces & Flails
 - Level 4.1 Armour
 - Level 3.7 Shields


You had 4 spell levels left.
You didn't know any spells.

Dungeon Overview and Level Annotations

Branches:
Dungeon (2/15)

Altars:
Vehumet


Innate Abilities, Weirdness & Mutations

You can swim through water.
You cover ground slowly.
You can hop short distances.


Message History

Wear which item? (? for menu, Esc to quit)
You start putting on your armour.
You continue putting on your cloak. x4
You finish putting on your cursed +0 cloak.
Oops, that feels deathly cold.
Some of the chunks of flesh in your inventory have rotted away.
Found a faded altar of an unknown god.
You regained 2 hp, and now have 41/42 hp.
No target in view!
Health restored: 42
There is a faded altar of an unknown god here.
Unknown command.
Press < or > to pray at altars.
You cannot tell which god this altar belongs to.
Convert to them anyway?
Okay, then.
You cannot tell which god this altar belongs to.
Convert to them anyway?
Vehumet accepts your prayer! Vehumet welcomes you!
You can now gain magical power from killing.
Vehumet offers you knowledge of Sting.
Are you sure you want to abandon this character and quit the game? (Confirm with "yes".)

█.█████.█
█.██.████
█.......█
█.██.█...
███..████
█........
██████.███████ █
█.█████..
█.............█ .█
█.█ █..
█.█████.█████.██.█
█.█ █..
█.███......█ █>█
█.█ █.██...█...█
█.█████).
█.██..█@█..█
█.......█
█.██...█..██


██████>██ █...... ..█ █.█ ███████ .██ █.█ .█ █.█ .█ █.█ .. █.█ .█ █.█ There were
no monsters in sight!

Vanquished Creatures
  2 jellies (D:1)
  4 adders (D:2)
  2 oozes (D:1)
  2 leopard geckos (D:1)
  4 giant cockroaches (D:1)
  5 hobgoblins
  4 jackals (D:1)
  3 bats
  2 frilled lizards
  3 kobolds
  6 rats
37 creatures vanquished.

Notes
Turn   | Place    | Note
-------+----------+-------------------------------------------
     0 | D:1      | Goblin1989 the Barachian Fighter began the quest for the Orb.
     0 | D:1      | Reached XP level 1. HP: 18/18 MP: 1/1
     1 | D:1      | Found a runed door.
   268 | D:1      | Reached XP level 2. HP: 24/24 MP: 2/2
   685 | D:1      | Reached XP level 3. HP: 30/30 MP: 3/3
   700 | D:1      | Reached XP level 4. HP: 36/37 MP: 4/4
   915 | D:2      | Reached XP level 5. HP: 26/42 MP: 5/5
  1340 | D:2      | Found a faded altar of an unknown god.
  1343 | D:2      | Became a worshipper of Vehumet
  1343 | D:2      | Reached * piety under Vehumet
  1343 | D:2      | Offered knowledge of Sting by Vehumet.
  1344 | D:2      | Quit the game

Vault maps used:
D:1:      dpeg_arrival_caged_fury
D:2:      chequers_temple_overflow_minitemple, chequers_ecumenical_altar_simple

Skill      XL: |  1  2  3  4  5 |
---------------+----------------+-----
Fighting       | 4 |  4.2
Armour         | 4 |  4.1
Maces & Flails | 3 |  3.3
Shields        | |  3.7

Action                   |  1- 3 |  4- 6 || total
-------------------------+-------+-------++-------
Melee: Flail             |    90 |    83 ||   173
  Eat: Chunk             |       |     2 ||     2
Armor: Scale mail        |    57 |    41 ||    98
Dodge: Dodged            |    34 |    21 ||    55
Block: Shield            |    53 |    39 ||    92

Vault maps used:
D:1:      dpeg_arrival_caged_fury
D:2:      chequers_temple_overflow_minitemple, chequers_ecumenical_altar_simple
